 Dungeon Crawl Stone Soup version 0.29-a0-284-gf9362112df (webtiles) character file.

Game seed: 16073912696505607291

163 GigaChad the Skirmisher (level 5, -2/47 HPs)
             Began as a Draconian Abyssal Knight on Apr 1, 2022.
             Was an Elder of Lugonu.
             Killed by divine providence
             ... invoked by an orc priest
              (13 damage)
             ... on level 4 of the Dungeon.
             The game lasted 00:14:00 (2296 turns).

GigaChad the Skirmisher (Draconian Abyssal Knight)  Turns: 2296, Time: 00:14:01

Health: -2/47      AC:  5    Str: 15    XL:     5   Next: 20%
Magic:  6/6        EV: 11    Int: 11    God:    Lugonu [****..]
Gold:   77         SH:  8    Dex: 19    Spells: 4/4 levels left

rFire   . . .      SeeInvis .   a - +1 falchion
rCold   . . .      Faith    .   g - +0 kite shield
rNeg    . . .      Spirit   .   (body armour unavailable)
rPois   .          Reflect  .   (helmet restricted)
rElec   .          Harm     .   (no cloak)
rCorr   .          Rampage  .   (no gloves)
Will    .....                   (no boots)
Stlth   ++........              (no amulet)
HPRegen 0.15/turn               c - +6 ring of dexterity
MPRegen 0.10/turn               (no ring)

@: no status effects
A: AC +5, unfitting armour, cold-blooded
a: Renounce Religion, Depart the Abyss, Bend Space, Banish, Corrupt


You were on level 4 of the Dungeon.
You worshipped Lugonu.
Lugonu was greatly pleased with you.
You visited 1 branch of the dungeon, and saw 4 of its levels.
You visited the Abyss 1 time.

You collected 77 gold pieces.

Inventory:

Hand Weapons
 a - a +1 falchion (weapon)
 e - a +0 vorpal hand axe
Armour
 d - a +0 plate armour
 f - a +0 ring mail
 g - a +0 kite shield (worn)
 j - a +0 scale mail
Jewellery
 c - a +6 ring of dexterity (left hand)
Potions
 b - 2 potions of curing {unknown}
 h - a potion of degeneration {unknown}
 i - a potion of berserk rage {unknown}


   Skills:
 + Level 4.6 Fighting
 + Level 3.4 Long Blades
 + Level 3.0 Dodging
 + Level 0.6 Stealth
 + Level 1.0 Shields
 + Level 2.0 Invocations


You had 4 spell levels left.
You didn't know any spells.
Your spell library contained the following spells:

 Spells                   Type           Power      Damage    Failure   Level
 Portal Projectile        Hex/Tloc       0%         N/A       98%         3
 Blade Hands              Tmut           0%         N/A       100%        5
 Excruciating Wounds      Necr           0%         N/A       100%        5


Dungeon Overview and Level Annotations

Branches:
Dungeon (4/15)
 Temple: D:4-7

Altars:
Uskayaw

Annotations:
D:2 Robin


Innate Abilities, Weirdness & Mutations

Your plain brown scales are hard. (AC +5)
You cannot fit into any form of body armour.
You are cold-blooded and may be slowed by cold attacks.


Message History

You kill the orc!
Lugonu accepts your kill.
You can now corrupt the fabric of space.
The orc attacks as you move away! The orc hits you with a +0 whip.
The orc priest invokes the aid of Beogh against you.
Beogh smites you! The orc attacks as you move away!
The orc hits you with a +0 whip.
You hit the orc. You tail-slap the orc.
You kill the orc!
Lugonu accepts your kill. You block the orc priest's attack.
Things that are here:
a +0 whip; an orc corpse You slash the orc priest!
You tail-slap the orc priest.
The orc priest is heavily wounded.
You block the orc priest's attack.
You closely miss the orc priest.
The orc priest is heavily wounded.
The orc priest invokes the aid of Beogh against you.
Beogh smites you!
* * * LOW HITPOINT WARNING * * *
You hit the orc priest.
The orc priest is almost dead.
The orc priest completely misses you. You block the orc priest's attack.
You barely miss the orc priest.
Your tail-slap misses the orc priest.
The orc priest is almost dead.
The orc priest barely misses you.
You hit the orc priest.
You tail-slap the orc priest, but do no damage.
The orc priest is almost dead.
You block the orc priest's attack.
You closely miss the orc priest.
The orc priest is almost dead.
The orc priest hits you with a +0 club.
* * * LOW HITPOINT WARNING * * *
You closely miss the orc priest.
The orc priest is almost dead.
The orc priest invokes the aid of Beogh against you.
Beogh smites you!
You die...

########### #.........#
#########.#######.# #.........#
#.# ####### #.######### #.#
......# #.###############.#
#####.#########.@o......)..)....#
##............#############..#
##...##.............# #.)#
###........####.#####.# ######..#
......####.# #.## ### #........
###...#.(#.####... #.####(.#
...._.#..#......#. #..#
###...#..#..####### #..#
#...####..# #..#


You could see an orc priest.

Vanquished Creatures
  A hound (D:3)
  5 adders
  2 worms (D:3)
  2 dart slugs
  4 orcs (D:4)
  8 ball pythons
  6 bats
  An endoplasm (D:2)
  8 hobgoblins
  7 jackals
  5 kobolds
  2 quokkas (D:1)
  4 frilled lizards (D:1)
  11 goblins
  3 rats
69 creatures vanquished.

Vanquished Creatures (others)
  9 plants
9 creatures vanquished.

Grand Total: 78 creatures vanquished

Notes
Turn   | Place    | Note
-------+----------+-------------------------------------------
     0 | Abyss:1  | GigaChad the Draconian Abyssal Knight began the quest for
                  | the Orb.
     0 | Abyss:1  | Reached XP level 1. HP: 19/19 MP: 2/2
    11 | D:1      | Escaped the Abyss
   265 | D:1      | Reached XP level 2. HP: 27/27 MP: 3/3
   470 | D:1      | Reached skill level 4 in Fighting
   499 | D:1      | Reached XP level 3. HP: 28/33 MP: 4/4
   719 | D:2      | Reached *** piety under Lugonu
   904 | D:2      | Noticed Robin
  1074 | D:2      | Reached XP level 4. HP: 38/41 MP: 5/5
  1253 | D:3      | Found a faded altar of an unknown god.
  1673 | D:3      | Reached XP level 5. HP: 45/47 MP: 6/6
  2072 | D:4      | Noticed a +0 dagger
  2072 | D:4      | Noticed a +0 dagger
  2073 | D:4      | Found a hide-covered altar of Uskayaw.
  2085 | D:4      | Reached skill level 1 in Shields
  2279 | D:4      | Reached **** piety under Lugonu
  2296 | D:4      | Killed from afar by an orc priest

Illustrated notes

Levels and vault maps discovered:
D:1:      tarquinn_simple_flora_water_b, layout_basic
D:2:      layout_basic, serial_forest, infiniplex_forest_diagonal,
          infiniplex_forest_clump_long, infiniplex_forest_clump_diagonal,
          infiniplex_forest_zigzag_1, infiniplex_forest_lined_room_,
          infiniplex_forest_clump_cross, infiniplex_forest_straight_2,
          uniq_robin
D:3:      layout_loops_ring, chequers_ecumenical_altar_simple_redux
D:4:      layout_loops_ring, makhleb_heckhound_becter, dancing_weapons_uskayaw,
          minmay_temple_entry_metal_lava, serial_shops, nicolae_shop_crystal,
          grunt_ministairs_3, serial_bayou_crossing

Skill      XL: |  1  2  3  4  5 |
---------------+----------------+-----
Fighting       | 4 |  4.6
Long Blades    | 3 |  3.4
Dodging        | 3 |  3.0
Shields        | 1 |  1.0
Stealth        | |  0.6
Invocations    | |  2.0

Action                   |  1- 3 |  4- 6 || total
-------------------------+-------+-------++-------
Melee: Falchion          |   124 |    88 ||   212
       Tailslap          |    12 |    14 ||    26
       Punch             |     1 |       ||     1
  Use: Scroll            |     1 |     1 ||     2
 Stab: Sleeping          |     1 |     1 ||     2
Armor: Skin              |    38 |    22 ||    60
Dodge: Dodged            |   108 |    42 ||   150
Block: Kite shield       |    18 |    52 ||    70

Table legend: (Time is in decaauts)
 A = Elapsed time spent in this place.
 B = Non-inter-level travel time spent in this place.
 C = Inter-level travel time spent in this place.
 D = Time resting spent in this place.
 E = Time spent auto-exploring this place.
 F = Levels seen in this place.
 G = Mean time per level.
                   A        B        C        D        E       F      G
               +--------+--------+--------+--------+--------+-----+--------+
         Total |   2353 |   2308 |     45 |      0 |      0 |   5 |  470.6 |
       Dungeon |   2342 |   2297 |     45 |      0 |      0 |   4 |  585.5 |
         Abyss |     11 |     11 |      0 |      0 |      0 |   1 |   11.0 |
               +--------+--------+--------+--------+--------+-----+--------+

Top non-repeatable levels by time:
     D:3: 903 daAuts
     D:1: 673 daAuts
     D:2: 499 daAuts
     D:4: 266 daAuts
 Abyss:1: 11 daAuts
